 Dungeon Crawl Stone Soup version 0.29-a0-23-ga79f92ac9c (webtiles) character file.

Game seed: 16896797450547439346

133 Clumpoid the Skirmisher (level 5, -3/46 HPs)
             Began as a Ghoul Fighter on Jan 31, 2022.
             Was a High Priest of Ignis.
             Slain by an ogre (16 damage)
             ... on level 4 of the Dungeon.
             The game lasted 00:01:35 (2603 turns).

Clumpoid the Skirmisher (Ghoul Fighter)             Turns: 2603, Time: 00:01:36

Health: -3/46      AC:  6    Str: 22    XL:     5   Next: 16%
Magic:  4/4        EV:  8    Int:  3    God:    Ignis [*****.]
Gold:   94         SH:  8    Dex: 10    Spells: 4/4 levels left

rFire   + . .      SeeInvis .   a - +0 trident
rCold   + . .      Faith    .   h - +0 kite shield
rNeg    + + +      Spirit   .   b - +0 scale mail
rPois   ∞          Reflect  .   (no helmet)
rElec   +          Harm     .   (no cloak)
rCorr   .          Rampage  .   (no gloves)
Will    .....                   (no boots)
Stlth   ..........              j - amulet "Nyusiehe" {RegenMP rElec rN+ Dex+2}
HPRegen 0.00/turn               (no ring)
MPRegen 0.49/turn               (no ring)

@: inhibited regen
A: claws 1, cold resistance 1, negative energy resistance 3, inhibited
regeneration, torment resistance 2
a: Renounce Religion, Fiery Armour, Foxfire Swarm, Rising Flame


You were on level 4 of the Dungeon.
You worshipped Ignis.
Ignis was extremely pleased with you.
You visited 1 branch of the dungeon, and saw 4 of its levels.

You collected 94 gold pieces.

Inventory:

Hand Weapons
 a - a +0 trident (weapon)
Armour
 b - a +0 scale mail (worn)
 h - a +0 kite shield (worn)
Jewellery
 j - the amulet "Nyusiehe" (around neck) {RegenMP rElec rN+ Dex+2}
   (You found it on level 2 of the Dungeon)

   [amulet of magic regeneration]

   It increases your rate of magic regeneration.
   Dex:       It affects your dexterity (+2).
   rElec:     It insulates you from electricity.
   rN:        It protects you from negative energy.
Scrolls
 e - 2 scrolls of amnesia {unknown}
 f - 3 scrolls of identify
 g - 3 scrolls of teleportation
 k - a scroll of blinking {unknown}
 l - a scroll of enchant armour {unknown}
 n - 3 scrolls of fear {unknown}
 o - a scroll of fog {unknown}
Potions
 c - 2 potions of mutation {unknown}
 d - a potion of might
 i - a potion of flight {unknown}
 m - 2 potions of attraction {unknown}


   Skills:
 + Level 4.0 Fighting
 * Level 3.2 Polearms
 + Level 3.3 Armour
 + Level 3.3 Shields


You had 4 spell levels left.
You didn't know any spells.
Your spell library contained the following spells:

 Spells                   Type           Power      Damage    Failure   Level
 Freezing Cloud           Conj/Ice/Air   0%         6-21      100%        5
 Simulacrum               Ice/Necr       0%         N/A       100%        6
 Polar Vortex             Ice            0%         N/A       100%        9


Dungeon Overview and Level Annotations

Branches:
Dungeon (4/15)
 Temple: D:4-7

Altars:
Ignis


Innate Abilities, Weirdness & Mutations

You thrive by killing the living.
You are immune to poison.
You have sharp fingernails.
Your flesh is cold resistant. (rC+)
You are immune to negative energy. (rN+++)
You do not regenerate when monsters are visible.
You are immune to unholy pain and torment.


Message History

The kobold throws a poisoned dart.
You block the poisoned dart.
A kobold is nearby!
You barely miss the kobold. The kobold hits you but does no damage.
You closely miss the kobold.
The kobold hits you with a +0 short sword.
You puncture the kobold!
You kill the kobold!
You feel better.
No target in view!
Things that are here:
a +0 short sword; 7 poisoned darts; a kobold corpse No target in view!
You now have 94 gold pieces (gained 3).
Found a stone staircase leading down.
No target in view!
No target in view!
Found a stone staircase leading down.
No target in view!
There is a stone staircase leading down here.
An ogre comes into view. It is wielding a +0 giant club.
Found a stone staircase leading up.
The ogre shouts!
You puncture the ogre!
The ogre is moderately wounded.
The ogre hits you with a +0 giant club!!
Ouch! That really hurt!
An ogre is nearby!
You are too injured to fight recklessly!
An ogre is nearby!
You are too injured to fight recklessly!
An ogre is nearby!
You are too injured to fight recklessly!
You hit the ogre.
The ogre is heavily wounded.
The ogre hits you with a +0 giant club!
* * * LOW HITPOINT WARNING * * *
You barely miss the ogre.
The ogre is heavily wounded.
The ogre hits you with a +0 giant club!
You die...

....<. .....
....######
......... .........
######..#...## .##
#.....O......# ...
#...@......# ..#
#..>.......# ..
###....#.... #.#
#.........
#####.####..#..##.#
...............#
###........#.# ###
#...####.#.#
...#####...####.#.


You could see an ogre.

Vanquished Creatures
  An orc wizard (D:3)
  5 adders
  A dart slug (D:3)
  3 orcs (D:3)
  5 endoplasms
  4 giant cockroaches
  3 hobgoblins
  5 jackals
  5 kobolds
  2 quokkas (D:2)
  5 ball pythons
  4 bats
  A frilled lizard (D:2)
  5 goblins
  3 rats
52 creatures vanquished.

Notes
Turn   | Place    | Note
-------+----------+-------------------------------------------
     0 | D:1      | Clumpoid the Ghoul Fighter began the quest for the Orb.
     0 | D:1      | Reached XP level 1. HP: 19/19 MP: 0/0
   331 | D:1      | Reached XP level 2. HP: 26/26 MP: 1/1
   723 | D:2      | Reached XP level 3. HP: 18/31 MP: 2/2
  1321 | D:2      | Reached XP level 4. HP: 36/40 MP: 3/3
  1385 | D:2      | Identified the amulet "Nyusiehe" {RegenMP rElec rN+ Dex+2}
  2047 | D:3      | Reached skill level 4 in Fighting
  2100 | D:3      | Reached XP level 5. HP: 45/46 MP: 4/4
  2461 | D:3      | Found a faded altar of an unknown god.
  2502 | D:3      | Prayed at the altar of an unknown god.
  2502 | D:3      | Became a worshipper of Ignis, the Dying Flame
  2600 | D:4      | Noticed an ogre
  2603 | D:4      | Slain by an ogre

Illustrated notes

Levels and vault maps discovered:
D:1:      minmay_arrival_four_houses, layout_loops_cross
D:2:      layout_basic
D:3:      layout_rooms, serial_curves, eino_curves_02, eino_curves_02,
          eino_curves_03, eino_curves_02,
          hellmonk_ecumenical_altar_inner_sanctum, hex_medium,
          serial_bayou_ford_a, minmay_misc_feat_encased,
          chequers_serial_rivers_room_a
D:4:      layout_rooms, serial_corexii_hall, chequers_hall_statues_y,
          corexii_hall_statues_u, serial_shops, nicolae_shop_hallway_plus

Skill      XL: |  1  2  3  4 |
---------------+-------------+-----
Polearms       | 2 3 |  3.2
Armour         | 3 |  3.3
Shields        | 3 |  3.3
Fighting       | 4 |  4.0

Action                   |  1- 3 |  4- 6 || total
-------------------------+-------+-------++-------
Melee: Trident           |   134 |    69 ||   203
  Use: Scroll            |     2 |       ||     2
Armor: Scale mail        |    58 |    23 ||    81
Dodge: Dodged            |    55 |    19 ||    74
Block: Buckler           |    11 |       ||    11
       Kite shield       |    36 |    25 ||    61

Table legend: (Time is in decaauts)
 A = Elapsed time spent in this place.
 B = Non-inter-level travel time spent in this place.
 C = Inter-level travel time spent in this place.
 D = Time resting spent in this place.
 E = Time spent auto-exploring this place.
 F = Levels seen in this place.
 G = Mean time per level.
                   A        B        C        D        E       F      G
               +--------+--------+--------+--------+--------+-----+--------+
         Total |   2672 |   2560 |    112 |    332 |   1756 |   4 |  668.0 |
       Dungeon |   2672 |   2560 |    112 |    332 |   1756 |   4 |  668.0 |
               +--------+--------+--------+--------+--------+-----+--------+

Top non-repeatable levels by time:
     D:3: 1018 daAuts
     D:2: 879 daAuts
     D:1: 722 daAuts
     D:4: 52 daAuts
